 Dungeon Crawl Stone Soup version 0.23.1 (webtiles) character file.

Game seed: 15927401066345547229

84 teukkam the Skirmisher (level 4, 0/41 HPs)
             Began as a Minotaur Fighter on Mar 13, 2019.
             Killed by nerve-wracking pain
             ... invoked by an orc priest
              (5 damage)
             ... on level 5 of the Dungeon.
             The game lasted 00:03:03 (542 turns).

teukkam the Skirmisher (Minotaur Fighter)            Turns: 542, Time: 00:03:04

Health: 0/41       AC:  8    Str: 21    XL:     4   Next: 23%
Magic:  3/3        EV:  7    Int:  5    God:
Gold:   42         SH:  9    Dex: 10    Spells: 3/3 levels left

rFire    . . .     SeeInvis .   a - +0 dagger (drain)
rCold    . . .     Gourm    .   c - +0 shield
rNeg     . . .     Faith    .   b - +0 scale mail
rPois    .         Spirit   .   (helmet restricted)
rElec    .         Reflect  .   k - +0 cloak
rCorr    .         Harm     .   (no gloves)
MR       .....                  (no boots)
Stlth    ..........             (no amulet)
HPRegen  0.13/turn              (no ring)
MPRegen  0.08/turn              (no ring)

@: no status effects
A: retaliatory headbutt, horns 2
a: no special abilities


You were on level 5 of the Dungeon.
You were not hungry.

You visited 1 branch of the dungeon, and saw 5 of its levels.

You collected 42 gold pieces.

Inventory:

Hand Weapons
 a - a +0 dagger of draining (weapon)
 i - a +0 war axe
Armour
 b - a +0 scale mail (worn)
 c - a +0 shield (worn)
 k - a +0 cloak (worn)
Scrolls
 j - a scroll of enchant weapon {unknown}
 m - 2 scrolls of teleportation {unknown}
 n - a scroll of blinking {unknown}
 o - a scroll of remove curse {unknown}
 p - a scroll of immolation {unknown}
Potions
 d - a potion of might
 e - 2 potions of lignification {unknown}
 h - a potion of magic {unknown}
 l - a potion of berserk rage {unknown}
Comestibles
 f - 3 rations
 g - 5 chunks of flesh


   Skills:
 + Level 4.4 Fighting
 + Level 3.4 Axes
 + Level 4.4 Armour
 + Level 4.4 Shields


You had 3 spell levels left.
You didn't know any spells.
Your spell library was empty.

Dungeon Overview and Level Annotations

Branches:
Dungeon (5/15)
 Temple: D:4-7

Altars:


Innate Abilities, Weirdness & Mutations

You reflexively headbutt those who attack you in melee.
You have a pair of horns on your head.


Message History

a cursed -2 war axe; a +0 chain mail; an orc corpse
e - 2 yellow potions (gained 1)
m - 2 scrolls labeled UKOAN UTROUHOKK (gained 1)
Found a stone staircase leading up.
Found a stone staircase leading down.
An orc priest comes into view. It is wielding a +0 trident.
The orc priest shouts!
The orc priest invokes the aid of Beogh against you.
Beogh smites you!
* * * LOW HITPOINT WARNING * * *
The orc priest hits you with a +0 trident.
* * * LOW HITPOINT WARNING * * *
You hit the orc priest. Your headbutt misses the orc priest.
The orc priest is lightly wounded.
You block the orc priest's attack.
You hit the orc priest.
The orc priest is moderately wounded.
The orc priest invokes the aid of Beogh against you.
Pain shoots through your body!
You die...

..# #.# #.# #.# #
##.####.## #.####
.........# #..>.#
#.# ...####..# #.#
#.# #))######.####.#
#.).....@#..##.#
#..####o#.#.##.#
#.........#.##.#
######.####.#.#.##.#
#.<...........#.##.#
#.####.####.......<#
#.
#....####...########
#.
#.##................
#. #.#
#####...########


You could see an orc priest.

Vanquished Creatures
  An orc priest (D:4)
  An adder (D:3)
  2 worms
  A leopard gecko (D:1)
  6 orcs
  A ball python (D:2)
  3 goblins (D:1)
  5 hobgoblins (D:1)
  4 bats
  3 frilled lizards
  4 kobolds
  3 rats (D:1)
34 creatures vanquished.

Notes
Turn   | Place    | Note
-------+----------+-------------------------------------------
     0 | D:1      | teukkam the Minotaur Fighter began the quest for the Orb.
     0 | D:1      | Reached XP level 1. HP: 19/19 MP: 0/0
    42 | D:1      | Reached XP level 2. HP: 14/27 MP: 1/1
   365 | D:2      | You fall through a shaft!
   370 | D:3      | Reached XP level 3. HP: 33/33 MP: 2/2
   467 | D:4      | Reached XP level 4. HP: 27/41 MP: 3/3
   470 | D:5      | Entered Level 5 of the Dungeon
   542 | D:5      | Killed from afar by an orc priest

Skill      XL: |  1  2 |
---------------+-------+-----
Fighting       | 4 |  4.4
Shields        | 4 |  4.4
Armour         | 4 |  4.4
Axes           | 3 |  3.4

Action                   |  1- 3 |  4- 6 || total
-------------------------+-------+-------++-------
Melee: War axe           |    40 |       ||    40
       Headbutt          |    13 |     4 ||    17
       Dagger            |    38 |    15 ||    53
Armor: Scale mail        |    21 |     1 ||    22
Dodge: Dodged            |    30 |     4 ||    34
Block: Shield            |    39 |     5 ||    44
